 Dungeon Crawl Stone Soup version 0.28.0-53-g5a82cb258f (webtiles) character file.

Game seed: 5747627958772080842

3760 Sin92 the Basher (level 9, 0/71 HPs)
             Began as a Demonspawn Fighter on Aug 3, 2022.
             Was a Believer of Okawaru.
             Slain by a bone dragon (17 damage)
             ... on level 1 of the Abyss.
             The game lasted 00:17:43 (7781 turns).

Sin92 the Basher (Demonspawn Fighter)               Turns: 7781, Time: 00:17:44

Health: 0/71       AC: 21    Str: 18    XL:     9   Next: 94%
Magic:  0/9        EV:  5    Int:  9    God:    Okawaru [**....]
Gold:   459        SH: 10    Dex: 16    Spells: 8/8 levels left

rFire   . . .      SeeInvis .   o - +5 demon whip (drain)
rCold   . . .      Faith    .   r - +0 kite shield
rNeg    + . .      Spirit   +   k - +0 plate armour
rPois   .          Reflect  .   (no helmet)
rElec   .          Harm     .   h - +0 cloak
rCorr   .          Rampage  .   (no gloves)
Will    .....                   q - +0 pair of boots
Stlth   ..........              l - amulet of guardian spirit
HPRegen 0.21/turn               j - ring of positive energy
MPRegen 0.11/turn               x - +4 ring of protection

@: about to teleport
A: hooves 1, icy blue scales 1, powered by death 2
a: Renounce Religion, Heroism


You were on level 1 of the Abyss.
You worshipped Okawaru.
Okawaru was pleased with you.
You visited 2 branches of the dungeon, and saw 10 of its levels.
You visited the Abyss 1 time.

You collected 459 gold pieces.

Inventory:

Hand Weapons
 o - a +5 demon whip of draining (weapon)
Missiles
 u - a throwing net (quivered)
Armour
 h - a +0 cloak (worn)
 k - a +0 plate armour (worn)
 q - a +0 pair of boots (worn)
 r - a +0 kite shield (worn)
Jewellery
 j - a ring of positive energy (left hand)
 l - an amulet of guardian spirit (around neck)
 x - a +4 ring of protection (right hand)
Wands
 c - a wand of acid (2)
 w - a wand of flame (18)
Scrolls
 m - a scroll of immolation
 p - 2 scrolls of teleportation
 v - a scroll of magic mapping
Potions
 a - a potion of degeneration {unknown}
 b - 2 potions of lignification {unknown}
 d - a potion of flight
 f - a potion of heal wounds
 g - 5 potions of haste
 i - 3 potions of curing
 n - a potion of mutation
 t - 2 potions of brilliance {unknown}
 z - a potion of attraction


   Skills:
 + Level 6.7 Fighting
 * Level 8.1 Maces & Flails
 + Level 6.1 Armour
 + Level 3.8 Dodging
 + Level 6.1 Shields


You had 8 spell levels left.
You didn't know any spells.
Your spell library contained the following spells:

 Spells                   Type           Power      Damage    Failure   Level
 Sublimation of Blood     Necr           0%         N/A       100%        2
 Petrify                  Tmut/Erth      0%         N/A       100%        4
 Irradiate                Conj/Tmut      0%         3d14      100%        5


Dungeon Overview and Level Annotations

Branches:
Dungeon (9/15)             Temple (1/1) D:6
   Lair: D:8-11         Orc: D:9-12

Altars:
Ashenzari
Dithmenos
Elyvilon
Fedhas
Gozag
Makhleb
Nemelex Xobeh
Okawaru
Qazlal
Sif Muna
Trog
Yredelemnul
Zin
The Shining One
Lugonu

Shops:
D:3 *!:=   D:8 !

Annotations:
D:9 Erolcha


Innate Abilities, Weirdness & Mutations

You have large cloven feet.
You are partially covered in icy blue scales. (AC +2)
You regenerate health from kills.


Message History

The ynoxinul is severely wounded.
You block the ufetubus's attack. x2
The ufetubus hits you but does no damage. x3
The ufetubus hits you.
The ufetubus hits you but does no damage.
The ufetubus hits you.
The ufetubus hits you but does no damage.
You block the ufetubus's attack. The ufetubus barely misses you.
The ufetubus hits you but does no damage. x3
The ufetubus hits you.
The ufetubus hits you but does no damage.
You whack the ynoxinul!
The ynoxinul is almost dead.
You block the ufetubus's attack. The ufetubus barely misses you.
You block the ufetubus's attack. x2
The ynoxinul gestures at you. The iron shot hits you!!
A bone dragon comes into view.
The ufetubus hits you but does no damage.
The ufetubus hits you.
The ufetubus hits you but does no damage.
The ufetubus barely misses you.
The ufetubus hits you but does no damage. x4
You block the ufetubus's attack.
The ufetubus hits you but does no damage.
You thrash the ynoxinul!!
You kill the ynoxinul!
That felt strangely unrewarding.
The ufetubus disappears in a puff of smoke! x5
Unknown command.
Unknown command.
The bone dragon bites you. The bone dragon claws you!
* * * LOW HITPOINT WARNING * * *
The bone dragon tramples you but does no damage.
Unknown command.
As you read the scroll of teleportation, it crumbles to dust.
You feel strangely unstable.
You feel the power of the Abyss delaying your translocation!
The bone dragon bites you!!
You die...

.# . . # . ....#. #
.. . .. ..#. .
###'#######.#.#....
..
#...........#..#...
# .
................# #
# ........... ..##
#
#...........##D..#
# .. ....§.§..@##..
##>.......§.#§§...#
. .. .............#
#.# #.#.##...##..##
#. #..#.........#
... ## ...#..##..#
...###...#.#...#.#
#.
.##....#.#...##.. .
# .. ..#.#.## #


You could see a bone dragon.

Vanquished Creatures
  A ynoxinul (Abyss:1)
  4 yaks (D:7)
  A wraith (D:6)
  A wyvern (D:8)
  A water moccasin (D:7)
  An orc warrior (D:8)
  An ice beast (D:7)
  2 ogres
  3 centaurs
  2 necrophages
  2 phantoms (D:5)
  4 scorpions
  A bullfrog (D:8)
  12 wights
  4 howler monkeys
  3 centaur zombies
  2 bullfrog zombies
  7 hounds
  A jelly (D:4)
  An orc priest (D:5)
  A bullfrog skeleton (D:6)
  An iguana (D:4)
  6 orc wizards
  2 killer bee zombies
  7 adders
  7 gnolls
  A shadow imp (D:7)
  2 white imps
  An ufetubus (D:7)
  2 worms (D:2)
  3 dart slugs
  33 orcs
  7 bats
  6 endoplasms
  A giant cockroach (D:2)
  6 goblins
  7 hobgoblins
  9 jackals
  3 quokkas
  2 ball pythons
  2 frilled lizards (D:2)
  7 kobolds
  A quokka skeleton (D:4)
  7 rats
178 creatures vanquished.

Notes
Turn   | Place    | Note
-------+----------+-------------------------------------------
     0 | D:1      | Sin92 the Demonspawn Fighter began the quest for the Orb.
     0 | D:1      | Reached XP level 1. HP: 18/18 MP: 1/1
   151 | D:1      | Reached skill level 2 in Maces & Flails
   407 | D:1      | Gained mutation: You are partially covered in icy blue
                  | scales. (AC +2) [demonic ancestry]
   407 | D:1      | Reached XP level 2. HP: 24/24 MP: 2/2
   718 | D:2      | Gained mutation: You regenerate a little health from kills.
                  | [demonic ancestry]
   718 | D:2      | Reached XP level 3. HP: 27/29 MP: 3/3
  1362 | D:3      | Found Cestas's Distillery.
  1398 | D:3      | Found Kitseiff's Book Shop.
  1410 | D:3      | Gained mutation: You have large cloven feet. [demonic
                  | ancestry]
  1410 | D:3      | Reached XP level 4. HP: 34/35 MP: 4/4
  1472 | D:3      | Reached skill level 3 in Maces & Flails
  1512 | D:3      | Found a sparkling altar of Nemelex Xobeh.
  1606 | D:3      | Found Ilantido's Assorted Antiques.
  1924 | D:3      | Found Fuem's Jewellery Boutique.
  2072 | D:4      | Reached XP level 5. HP: 39/42 MP: 3/5
  2093 | D:4      | Noticed an ogre
  2098 | D:4      | Killed an ogre
  2278 | D:4      | Reached XP level 6. HP: 48/48 MP: 6/6
  2342 | D:4      | Reached skill level 4 in Maces & Flails
  3155 | D:4      | Identified a scroll of acquirement
  3155 | D:4      | Acquired a +5 demon whip of draining
  3192 | D:5      | Entered Level 5 of the Dungeon
  3224 | D:5      | Gained mutation: You regenerate health from kills. [demonic
                  | ancestry]
  3224 | D:5      | Reached XP level 7. HP: 41/55 MP: 3/7
  3319 | D:5      | Found a bloodstained altar of Trog.
  3484 | D:5      | Reached skill level 5 in Maces & Flails
  3540 | D:5      | Found a basalt altar of Yredelemnul.
  3664 | D:5      | Reached skill level 5 in Fighting
  3769 | D:5      | Reached XP level 8. HP: 62/62 MP: 8/8
  3998 | D:6      | Reached skill level 1 in Dodging
  4093 | D:6      | Reached skill level 6 in Maces & Flails
  4113 | D:6      | Reached skill level 5 in Shields
  4118 | D:6      | Reached skill level 5 in Armour
  4320 | D:6      | Found a staircase to the Ecumenical Temple.
  4414 | Temple   | Entered the Ecumenical Temple
  4439 | Temple   | Became a worshipper of Warmaster Okawaru
  5732 | D:7      | Reached XP level 9. HP: 63/68 MP: 7/9
  5933 | D:7      | Reached * piety under Okawaru
  5939 | D:7      | Reached skill level 7 in Maces & Flails
  6610 | D:8      | Found a stormy altar of Qazlal.
  6668 | D:8      | Reached ** piety under Okawaru
  6875 | D:8      | Found Myonax's Distillery.
  7198 | D:8      | Reached skill level 8 in Maces & Flails
  7355 | D:9      | Noticed a two-headed ogre
  7720 | D:9      | Noticed Erolcha
  7726 | D:9      | Cast into level 1 of the Abyss (Erolcha)
  7777 | Abyss:1  | Noticed a bone dragon
  7781 | Abyss:1  | Slain by a bone dragon

Illustrated notes

Levels and vault maps discovered:
D:1:      minmay_arrival_radiant_lines, layout_loops_ring
D:2:      layout_loops_ring, minmay_cut_off
D:3:      layout_basic, mainiacjoe_overflow_cross_hatched, serial_shops,
          nicolae_shop_crystal, shop, nicolae_shop_hallway_stairs, shop
D:4:      layout_rooms
D:5:      layout_loops_ring, mainiacjoe_overflow_six_doors_small,
          mainiacjoe_overflow_catwalk, mainiacjoe_overflow_concentric_impassable
D:6:      layout_layer_cave, minmay_temple_entry_grid
D:7:      layout_cave_pods
D:8:      layout_rooms, mainiacjoe_overflow_24_doors,
          nicolae_elyvilon_peaceful_grove, serial_bayou_pond_d, st_stairs_4,
          nicolae_take_the_stairs, kennysheep_generic_room_14
D:9:      layout_roguey, uniq_erolcha
Temple:   corrupted_temple
Abyss:1:  base:
D:4

Skill      XL: |  1  2  3  4  5  6  7  8  9 |
---------------+----------------------------+-----
Maces & Flails | 2 3 4 5 6 8 |  8.1
Shields        | 3 4 5 6 |  6.1
Armour         | 3 4 5 6 |  6.1
Fighting       | 4 5 6 |  6.7
Dodging        | 2 3 |  3.8

Action                   |  1- 3 |  4- 6 |  7- 9 || total
-------------------------+-------+-------+-------++-------
Melee: Flail             |   113 |   146 |       ||   259
       Kick              |       |    29 |       ||    29
       Demon whip        |       |    15 |   315 ||   330
  Use: Potion            |       |     4 |     2 ||     6
       Scroll            |       |     6 |     8 ||    14
Armor: Scale mail        |    60 |   100 |    54 ||   214
       Chain mail        |       |       |    53 ||    53
       Plate armour      |       |       |    47 ||    47
Dodge: Dodged            |    54 |    84 |   101 ||   239
Block: Buckler           |    39 |    26 |       ||    65
       Kite shield       |       |     8 |   183 ||   191
